 Dungeon Crawl Stone Soup version 0.25-a0-1132-g9d38388ac0 (webtiles) character file.

Game seed: 3646954487469450655, levelgen mode: deterministic

18 RaHiT the Skirmisher (level 2, -3/24 HPs)
             Began as a Demonspawn Chaos Knight on May 20, 2020.
             Was a Plaything of Xom.
             Slain by a worm (6 damage)
             ... on level 2 of the Dungeon.
             The game lasted 00:02:03 (716 turns).

RaHiT the Skirmisher (Demonspawn Chaos Knight)       Turns: 716, Time: 00:02:03

Health: -3/24      AC:  7    Str: 12    XL:     2   Next: 51%
Magic:  2/2        EV: 11    Int: 13    God:    Xom [*.....]
Gold:   15         SH:  0    Dex: 12    Spells: 1/1 levels left

rFire    . . .     SeeInvis .   a - +0 falchion (chaos)
rCold    . . .     Gourm    .   (no shield)
rNeg     . . .     Faith    .   b - +2 leather armour
rPois    .         Spirit   .   (no helmet)
rElec    .         Reflect  .   (no cloak)
rCorr    .         Harm     .   (no gloves)
MR       .....                  (no boots)
Stlth    ..........             (no amulet)
HPRegen  0.08/turn              d - ring of attention (curse)
MPRegen  0.08/turn              (no ring)

@: no status effects
A: yellow scales 1
a: Renounce Religion


You were on level 2 of the Dungeon.
You worshipped Xom.
You were a special plaything of Xom.
You were not hungry.

You visited 1 branch of the dungeon, and saw 2 of its levels.

You collected 15 gold pieces.

Inventory:

Hand Weapons
 a - a +0 falchion of chaos (weapon)
Missiles
 h - 5 stones (quivered)
 j - 2 boomerangs
Armour
 b - a +2 leather armour (worn)
Jewellery
 d - a cursed ring of attention (left hand)
Scrolls
 e - 2 scrolls of amnesia {unknown}
 i - a scroll of teleportation {unknown}
 k - a scroll of remove curse {unknown}
 l - a scroll of magic mapping {unknown}
Potions
 f - a potion of degeneration {unknown}
Comestibles
 c - a ration


   Skills:
 - Level 3.0 Fighting
 + Level 2.9 Long Blades
 + Level 0.9 Throwing
 - Level 2.0 Armour
 + Level 1.4 Dodging


You had one spell level left.
You didn't know any spells.
Your spell library was empty.

Dungeon Overview and Level Annotations

Branches:
Dungeon (2/15)

Altars:


Innate Abilities, Weirdness & Mutations

You are partially covered in yellow scales. (AC +2)


Message History

Your leather armour prevents you from hitting the frilled lizard.
The frilled lizard completely misses you.
You hit the frilled lizard.
You kill the frilled lizard!
You slash the rat! You burn the rat.
You kill the rat!
You hit the worm but do no damage. The worm bites you.
You slash the worm! You burn the worm.
The worm is heavily wounded.
The worm bites you!
You barely miss the worm.
The worm is moderately wounded.
You completely miss the worm.
The worm is moderately wounded.
The worm bites you.
* * * LOW HITPOINT WARNING * * *
You hit the worm.
The worm is poisoned.
The worm is heavily wounded.
The worm bites you.
You die...

.. %.. ... ..
.# b... .# #.#
.....#. #.#
.......## #.#
........###
#.#
..r..#.r..##
#.# .w.
###...######.#
. #.#.....w@.#
#....#####.#
####.### #.#
#...# #.#
###.###.#
#..##.#
##.##.# #.##.#
#.##.#


You could see a worm (very poisoned).

Vanquished Creatures
  3 giant cockroaches (D:1)
  2 goblins
  3 hobgoblins
  3 bats (D:1)
  A frilled lizard (D:2)
  3 kobolds (D:1)
  4 rats
19 creatures vanquished.

Notes
Turn   | Place    | Note
-------+----------+-------------------------------------------
     0 | D:1      | RaHiT the Demonspawn Chaos Knight began the quest for the
                  | Orb.
     0 | D:1      | Reached XP level 1. HP: 18/18 MP: 1/1
   127 | D:1      | Reached skill level 1 in Dodging
   141 | D:1      | XOM: divination: magic mapping
   198 | D:1      | XOM: potion effect (might)
   201 | D:1      | Gained mutation: You are partially covered in yellow
                  | scales. (AC +2) [demonic ancestry]
   201 | D:1      | Reached XP level 2. HP: 24/24 MP: 2/2
   716 | D:2      | Slain by a worm

Illustrated notes

Levels and vault maps discovered:
D:1:      dpeg_arrival_court, layout_loops_ring, serial_bayou_ford_a,
          hangedman_abyss_or_decor_stabs
D:2:      layout_rooms, first_ration, minmay_close_crescents, uniq_sigmund

Skill      XL: |  1 |
---------------+----+-----
Dodging        | 1 |  1.4
Armour         | 2 |  2.0
Fighting       | |  3.0
Long Blades    | |  2.9
Throwing       | |  0.9

Action                   || total
-------------------------++-------
Melee: Falchion          ||    58
Armor: Leather armour    ||    26
Dodge: Dodged            ||    31
       Rpst.: Falchion   ||     5

Table legend:
 A = Non-vault XP
 B = Vault XP
 C = Vault XP percentage of total XP
 D = Non-vault monster count
 E = Vault monster count
 F = Vault count percentage of total count
                 A         B        C        D         E       F
            +---------+---------+-------+---------+---------+-------
      Total |      27 |       0 |   0.0 |      19 |       0 |   0.0
            +---------+---------+-------+---------+---------+-------
        D:1 |      21 |       0 |   0.0 |      15 |       0 |   0.0
        D:2 |       6 |       0 |   0.0 |       4 |       0 |   0.0
            +---------+---------+-------+---------+---------+-------
